 Dungeon Crawl Stone Soup version 0.13.1-27-ga479965 (webtiles) character file.

789 Chiseanne the Ducker (level 6, 0/50 HPs)
             Began as a Minotaur Artificer on Jan 29, 2014.
             Slain by Crazy Yiuf
             ... wielding a +4,+2 quarterstaff of chaos
              (5 damage)
             ... on Level 4 of the Dungeon.
             The game lasted 00:14:58 (4097 turns).

Chiseanne the Ducker (Minotaur Artificer)           Turns: 4097, Time: 00:14:59

HP   0/50        AC  4     Str 21      XL: 6   Next: 92%
MP   7/7         EV 13     Int  9      God:
Gold 296         SH  0     Dex 11      Spells:  0 memorised,  5 levels left

Res.Fire  : . . .   See Invis. : .   x - +2,+0 elf sabre
Res.Cold  : . . .   Warding    : .   e - +0 leather armour
Life Prot.: . . .   Conserve   : .   (no shield)
Res.Poison: +       Res.Corr.  : .   (helmet restricted)
Res.Elec. : .       Clarity    : +   l - +0 cloak (curse)
Sust.Abil.: . .     Spirit.Shd : .   (no gloves)
Res.Mut.  : .       Stasis     : .   (no boots)
Res.Rott. : .       Flight     : .   r - amulet of clarity
Saprovore : . . .                    A - +3 ring of strength
                                     D - ring "Tweuklie" {rPois Dex+1 Stlth--}

@: about to teleport, invisible, very slightly contaminated, slowed, drained,
very slow, slightly resistant to hostile enchantments, extremely unstealthy
A: retaliatory headbutt, horns 2
a: no special abilities


You were on level 4 of the Dungeon.
You were not hungry.

You visited 1 branch of the dungeon, and saw 6 of its levels.

You collected 276 gold pieces.

Inventory:

Hand weapons
 u - a +0 blowgun
 x - a +2,+0 elven sabre (weapon)
 C - a +0,+0 dagger of holy wrath (quivered)
 H - a +0,+0 great mace
Armour
 e - a +0 leather armour (worn)
 l - a cursed +0 cloak (worn)
 m - a +2 dwarven ring mail
 E - a +1 chain mail
 F - a +2 plate armour of poison resistance
Magical devices
 b - a wand of flame (12)
 c - a wand of enslavement (15)
 d - a wand of random effects (4)
Comestibles
 f - 6 bread rations
 i - 3 chokos
 v - 2 meat rations
 K - 3 chunks of hobgoblin flesh
Scrolls
 a - a scroll of fog
 g - 5 scrolls of identify
 h - a scroll of recharging
 t - 3 scrolls of enchant weapon II
 w - a scroll of enchant weapon I
 y - 2 scrolls of magic mapping
 B - a scroll of blinking
Jewellery
 j - an uncursed ring of fire
 o - an uncursed amulet of resist corrosion
 p - an uncursed ring of magical power
 r - an amulet of clarity (around neck)
 s - an uncursed ring of magical power
 A - a +3 ring of strength (right hand)
 D - the ring "Tweuklie" (left hand) {rPois Dex+1 Stlth--}
   (You found it on level 6 of the Dungeon)

   [ring of poison resistance]

   It affects your dexterity (+1).
   It makes you much less stealthy.
Potions
 k - 2 potions of restore abilities
 q - a potion of curing
 z - a potion of brilliance


   Skills:
 * Level 2.8(2.1) Fighting
 - Level 1.1(0.5) Short Blades
 * Level 4.0(3.3) Armour
 * Level 5.9(5.2) Dodging
 - Level 0.7(0.1) Stealth
 * Level 4.0(3.3) Evocations


You had 5 spell levels left.
You didn't know any spells.

Dungeon Overview and Level Annotations

Branches:
Dungeon (6/27)
 Temple: D:4-7          Orc: D:6-11

Altars:
Yredelemnul

Portals:
Ziggurat: D:3 (5130 gp)

Annotations:
D:3 Chiseanne's ghost, average DrCj
D:4 Crazy Yiuf


Innate Abilities, Weirdness & Mutations

You reflexively headbutt those who attack you in melee.
You have a pair of horns on your head.


Message History

Press: ? - help, Shift-Dir - straight line, f - Crazy Yiuf
Aim: Crazy Yiuf, wielding a quarterstaff of chaos and wearing a cloak Crazy Yiuf flickers and vanishes!
Deactivating autopickup; reactivate with Ctrl-A.
This wand has 4 charges left.
You hit it but do no damage. It hits you. It freezes you.
You completely miss it. You headbutt it. It hits you!
You closely miss it. It hits you.
You feel yourself slow down.
You closely miss it. Your headbutt misses it. It barely misses you.
It hits you.
You feel drained. It hits you but does no damage. It hits you!
You feel as though you will be slow longer.
It completely misses you.
Read which item? (? for menu, Esc to quit)
As you read the scroll of teleportation, it crumbles to dust.
You feel strangely unstable. It hits you but does no damage. It hits you!
* * * LOW HITPOINT WARNING * * *
You feel drained.
You die...

##########
##..@..%..#
#...#####.#
#....# #.#
#....#
##.### #####
#ff.f#
#....###...#
##f..#
####.....#.#
##.##
#####...###
##.#
#........
#.##
#.##.###.


There were no monsters in sight!

Vanquished Creatures
  A hippogriff (D:6)
  An ogre (D:4)
  A scorpion (D:4)
  A jelly (D:6)
  A worker ant (D:4)
  An orc wizard (D:4)
  Terence (D:3)
  5 adders
  A giant mite (D:3)
  2 worms
  2 giant geckos
  2 oozes
  9 orcs
  4 ball pythons
  12 hobgoblins
  A quokka (D:3)
  10 bats
  2 giant cockroaches
  6 giant newts
  11 goblins
  A goblin zombie (D:3)
  10 kobolds
  7 rats
  2 fungi (D:4)
94 creatures vanquished.

Notes
Turn   | Place    | Note
--------------------------------------------------------------
     0 | D:1      | Chiseanne, the Minotaur Artificer, began the quest for the Orb.
     0 | D:1      | Reached XP level 1. HP: 17/17 MP: 1/1
   237 | D:1      | Reached XP level 2. HP: 24/24 MP: 1/1
   354 | D:1      | Reached skill level 3 in Evocations
  1018 | D:2      | Reached skill level 1 in Armour
  1018 | D:2      | Reached XP level 3. HP: 25/29 MP: 3/3
  1443 | D:2      | Reached XP level 4. HP: 6/36 MP: 4/4
  1462 | D:2      | HP: 1/36 [poisoned by an adder]
  2168 | D:3      | Reached skill level 4 in Dodging
  2339 | D:3      | Found a basalt altar of Yredelemnul.
  2598 | D:3      | Found a gateway to a ziggurat.
  2726 | D:3      | You fall through a shaft!
  2789 | D:6      | Noticed a hippogriff
  2798 | D:6      | Killed a hippogriff
  2798 | D:6      | Reached XP level 5. HP: 29/42 MP: 5/5
  2861 | D:6      | Got a fine marble ring
  2925 | D:5      | Entered Level 5 of the Dungeon
  3131 | D:3      | Reached skill level 5 in Dodging
  3131 | D:3      | Reached XP level 6. HP: 47/49 MP: 6/6
  3196 | D:3      | Noticed Terence
  3206 | D:3      | Killed Terence
  3293 | D:3      | Noticed Chiseanne's ghost (average DrCj)
  3515 | D:4      | Noticed an ogre
  3523 | D:4      | Killed an ogre
  3625 | D:4      | Identified the ring "Tweuklie" {rPois Dex+1 Stlth--} (You found it on level 6 of the Dungeon)
  4080 | D:4      | Noticed Crazy Yiuf
  4097 | D:4      | Slain by Crazy Yiuf

Action                   |  1- 3 |  4- 6 || total
-------------------------+-------+-------++-------
Melee: Short sword       |   111 |    23 ||   134
       Sabre             |       |   160 ||   160
Evoke: Wand              |       |    14 ||    14
  Use: Scroll            |     7 |    10 ||    17
       Potion            |       |     9 ||     9
